 Dungeon Crawl Stone Soup version 0.25-a0-857-g60a0bcd8b5 (webtiles) character file.

Game seed: 12855123122204176226, levelgen mode: deterministic

2507 Esekla the Cutter (level 9, -17/49 HPs)
             Began as a Tengu Ice Elementalist on Apr 26, 2020.
             Was a High Priest of Lugonu.
             Blown up by an orc wizard (30 damage)
             ... with a disintegration bolt
             ... on level 7 of the Dungeon.
             The game lasted 01:30:44 (9748 turns).

Esekla the Cutter (Tengu Ice Elementalist)          Turns: 9748, Time: 01:30:44

Health: -17/49     AC: 10    Str:  8    XL:     9   Next: 53%
Magic:  12/19      EV: 13    Int: 20    God:    Lugonu [*****.]
Gold:   371        SH:  0    Dex: 14    Spells: 14/20 levels left

rFire    . . .     SeeInvis +   t - +7 rapier (speed)
rCold    . . .     Gourm    .   (no shield)
rNeg     . . .     Faith    .   q - +0 leather armour
rPois    .         Spirit   .   (helmet restricted)
rElec    .         Reflect  .   (no cloak)
rCorr    .         Harm     .   (no gloves)
MR       .....                  (boots unavailable)
Stlth    ++........             (no amulet)
HPRegen  0.16/turn              A - ring of see invisible
MPRegen  0.16/turn              (no ring)

@: icy armour, berserk cooldown, frozen ramparts, slowed, very slow
A: beak, talons 3, able to fly
a: Fly, Depart the Abyss, Bend Space, Banish, Corrupt, Enter the Abyss, Renounce
Religion


You were on level 7 of the Dungeon.
You worshipped Lugonu.
Lugonu was extremely pleased with you.
You were very hungry.

You visited 2 branches of the dungeon, and saw 8 of its levels.
You also visited: Ossuary.

You collected 371 gold pieces.

Inventory:

Hand Weapons
 m - a +0 dagger of flaming
 p - a +2 dagger of protection
 t - a +7 rapier of speed (weapon)
Missiles
 B - 2 boomerangs (quivered)
Armour
 q - a +0 leather armour (worn)
 r - a +1 ring mail of magic resistance
Jewellery
 j - an uncursed ring of fire
 A - a ring of see invisible (left hand)
Wands
 g - a wand of enslavement (2)
 E - a wand of polymorph (4)
Scrolls
 e - 4 scrolls of blinking
 l - a scroll of immolation {unknown}
 n - 2 scrolls of teleportation
 o - 3 scrolls of identify
 u - 3 scrolls of magic mapping
 v - 6 scrolls of remove curse
 w - a scroll of summoning {unknown}
 y - a scroll of enchant armour {unknown}
 C - 2 scrolls of vulnerability {unknown}
 D - 2 scrolls of noise {unknown}
Potions
 a - 2 potions of magic
 b - 2 potions of might
 d - 3 potions of lignification {unknown}
 f - 2 potions of curing
 h - a potion of resistance {unknown}
 i - a potion of haste {unknown}
 k - 2 potions of ambrosia
 s - 4 potions of brilliance
 x - 2 potions of stabbing
 z - a potion of berserk rage
 F - 2 potions of mutation {unknown}
Comestibles
 c - 9 rations


   Skills:
 + Level 2.9 Fighting
 * Level 7.8 Short Blades
 * Level 4.6 Armour
 + Level 3.6 Dodging
 - Level 2.0 Stealth
 * Level 6.2 Spellcasting
 + Level 2.7 Charms
 - Level 3.6 Ice Magic
 * Level 2.9 Invocations


You had 14 spell levels left.
You knew the following spells:

 Your Spells              Type           Power        Failure   Level  Hunger
a - Ozocubu's Armour      Chrm/Ice       ###.....     12%         3    ##.....
r - Frozen Ramparts       Ice            ###...       10%         3    ##.....

Your spell library contained the following spells:

 Spells                   Type           Power        Failure   Level  Hunger
 Freeze                   Ice            ###.         3%          1    None
 Hailstorm                Conj/Ice       ##......     54%         4    ####...
 Summon Ice Beast         Ice/Summ       ##......     54%         4    ####...


Dungeon Overview and Level Annotations

Branches:
Dungeon (7/15)             Temple (1/1) D:4         Ossuary (visited)

Altars:
Ashenzari
Cheibriados
Fedhas
Okawaru
Qazlal
Vehumet
Wu Jian
Yredelemnul
The Shining One
Lugonu


Innate Abilities, Weirdness & Mutations

You have a beak for a mouth.
You have claws for feet.
You can fly continuously.


Message History

You escape the ball python's grasp.
An orc comes into view. It is wielding a +0 mace.
You puncture the ball python!
You kill the ball python!
Lugonu accepts your kill.
You close the door, pushing everything out of the way.
Something unseen opens the door.
Casting: Ozocubu's Armour (mildly dangerous; 12% risk of failure)
Confirm with . or Enter, or press ? or * to list all spells.
The walls around you are covered in ice.
The wall freezes the orc. x2
Casting: Frozen Ramparts (mildly dangerous; 10% risk of failure)
Confirm with . or Enter, or press ? or * to list all spells.
A film of ice covers your body!
The orc wizard gestures wildly while chanting.
The orc wizard seems to speed up.
The wall freezes the orc.
The orc hits you but does no damage.
The wall freezes the orc.
The orc wizard zaps a wand.
You are blasted!
Ouch! That really hurt!
You die...

#.....#
.......#....o#.....#
......#....o#.....#
.....#.....#.....#
....#.... #.....# #
#...###o###..)).# ##
##.##...#.......#'#####.
......oo#......(#)...#..
.......@#....(..#....#..
........'†o.....#....#..
##.##'###.).....#....##.
#............#....##.
#...S........#.......
#............#.......
#............#....###
#............#....##.
###............#....##.


You could see an orc wizard and 2 orcs.

Vanquished Creatures
  Eustachio (D:4)
  A water moccasin (D:5)
  An orc warrior (D:7)
  An ice beast (D:6)
  A sky beast (D:5)
  A black bear (D:6)
  An ogre (D:5)
  2 phantoms
  A centaur (D:7)
  3 bullfrogs
  2 scorpions
  A bullfrog zombie (D:5)
  4 crimson imps
  4 hounds
  An orc priest (D:6)
  A gnoll shaman (D:6)
  A jelly (D:5)
  4 orc wizards
  2 iguanas
  Ijyb (D:4)
  A centaur skeleton (D:4)
  5 worker ants
  A hound skeleton (D:7)
  12 mummies (Ossuary)
  A worker ant zombie (D:6)
  11 gnolls
  8 adders
  A shadow imp (D:5)
  An ooze (D:1)
  An adder zombie (D:5)
  A worm zombie (D:5)
  3 worms
  2 dart slugs
  8 leopard geckos
  31 orcs
  6 bats
  2 giant cockroaches
  7 hobgoblins
  10 jackals
  10 kobolds
  A quokka (D:2)
  4 ball pythons
  5 frilled lizards
  8 goblins
  4 goblin skeletons (Ossuary)
  A hobgoblin zombie (D:5)
  A jackal zombie (D:5)
  2 kobold skeletons (Ossuary)
  A leopard gecko skeleton (D:5)
  2 orc skeletons (Ossuary)
  An orc zombie (D:5)
  9 rats
  11 rat skeletons (Ossuary)
206 creatures vanquished.

Notes
Turn   | Place    | Note
-------+----------+-------------------------------------------
     0 | D:1      | Esekla the Tengu Ice Elementalist began the quest for the
                  | Orb.
     0 | D:1      | Reached XP level 1. HP: 10/10 MP: 4/4
   414 | D:1      | Reached skill level 1 in Armour
   414 | D:1      | Reached XP level 2. HP: 6/15 MP: 4/6
   878 | D:1      | Reached XP level 3. HP: 18/20 MP: 3/7
  1013 | D:1      | Reached skill level 1 in Fighting
  1036 | D:1      | Learned a level 3 spell: Frozen Ramparts
  1040 | D:1      | Learned a level 3 spell: Ozocubu's Armour
  1288 | D:2      | Found a faded altar of an unknown god.
  1297 | D:2      | Became a worshipper of Lugonu the Unformed
  1297 | D:2      | Reached * piety under Lugonu
  1297 | D:2      | Reached ** piety under Lugonu
  1502 | D:2      | Reached XP level 4. HP: 16/25 MP: 0/9
  2231 | D:3      | Found a shattered altar of Ashenzari.
  2620 | D:3      | Gained mutation: You can fly continuously. [Tengu growth]
  2620 | D:3      | Reached XP level 5. HP: 25/29 MP: 8/10
  3027 | D:4      | Noticed a phantom
  3687 | D:4      | Found an iron altar of Okawaru.
  3687 | D:4      | Noticed Ijyb
  3727 | D:4      | Killed Ijyb
  3727 | D:4      | Reached skill level 1 in Short Blades
  4072 | D:2      | Reached *** piety under Lugonu
  4405 | D:4      | Found a staircase to the Ecumenical Temple.
  4418 | Temple   | Entered the Ecumenical Temple
  4807 | D:4      | Reached skill level 1 in Charms
  4893 | D:4      | Killed a phantom
  4893 | D:4      | Reached skill level 1 in Invocations
  4893 | D:4      | Reached XP level 6. HP: 10/34 MP: 1/12
  4899 | D:4      | Noticed Eustachio
  5261 | D:4      | Killed Eustachio
  5261 | D:4      | Reached skill level 2 in Short Blades
  5474 | D:4      | Reached XP level 7. HP: 33/39 MP: 2/14
  5718 | D:4      | Reached skill level 3 in Short Blades
  5819 | D:5      | Entered Level 5 of the Dungeon
  6147 | D:5      | Found a sand-covered staircase.
  6157 | Ossuary  | Entered an ossuary
  6609 | Ossuary  | Reached skill level 4 in Short Blades
  6670 | Ossuary  | Reached **** piety under Lugonu
  7118 | D:5      | Reached XP level 8. HP: 41/44 MP: 9/16
  7289 | D:5      | Reached skill level 5 in Short Blades
  7314 | D:5      | Reached skill level 5 in Spellcasting
  7604 | D:6      | Found an ornate altar of the Wu Jian Council.
  7604 | D:6      | Found a radiant altar of Vehumet.
  7604 | D:6      | Found a snail-covered altar of Cheibriados.
  7642 | D:6      | Reached skill level 6 in Short Blades
  8088 | D:6      | Reached XP level 9. HP: 29/49 MP: 14/18
  8225 | D:6      | Found a glowing golden altar of the Shining One.
  8227 | D:6      | Noticed an angel
  8230 | D:6      | Found a basalt altar of Yredelemnul.
  8233 | D:6      | Noticed a profane servitor
  8470 | D:6      | Found a blossoming altar of Fedhas.
  8636 | D:6      | Reached skill level 7 in Short Blades
  8772 | D:6      | Reached ***** piety under Lugonu
  8958 | D:6      | Found a snail-covered altar of Cheibriados.
  9748 | D:7      | Blown up by an orc wizard

Levels and vault maps discovered:
D:1:      shiori_arrival_maze, layout_basic, minmay_cupped
D:2:      kennysheep_six_static_rooms, layout_loops_cross,
          chequers_ecumenical_altar_grove
D:3:      layout_basic, nicolae_ashenzari_panopticon, first_ration,
          grunt_ministairs_1, minmay_misc_feat_iff, solitary_fountain,
          roderic_filled_cross
D:4:      layout_gridville, kennysheep_okawaru_gauntlet,
          minmay_temple_entry_hall, uniq_eustachio, uniq_ijyb
D:5:      layout_basic, enter_ossuary_3
D:6:      minmay_inner_zag, layout_cave_pods, grunt_temple_overflow_holy_war,
          chequers_temple_overflow_statue_of_worship, basic_altar,
          chequers_garden, fedhas_altar_1
D:7:      layout_gridville, kennysheep_mini_moat, gammafunk_ghost_mausoleum
Temple:   nicolae_temple_figure_eight

Skill      XL: |  1  2  3  4  5  6  7  8  9 |
---------------+----------------------------+-----
Armour         | 1 2 3 4 |  4.6
Fighting       | 1 2 |  2.9
Spellcasting   | 3 4 5 6 |  6.2
Short Blades   | 1 2 4 6 7 |  7.8
Charms         | 1 2 |  2.7
Invocations    | 1 2 |  2.9
Dodging        | 3 |  3.6
Stealth        | |  2.0
Ice Magic      | |  3.6

Action                   |  1- 3 |  4- 6 |  7- 9 || total
-------------------------+-------+-------+-------++-------
Melee: Dagger            |    46 |   142 |       ||   188
       Kick              |     7 |    23 |    58 ||    88
       Unarmed           |     2 |       |       ||     2
       Peck              |     2 |    21 |    34 ||    57
       Short sword       |    14 |    15 |       ||    29
       Rapier            |       |     8 |   265 ||   273
Throw: Boomerang         |       |       |    21 ||    21
 Cast: Freeze            |    18 |       |       ||    18
       Frozen Ramparts   |     5 |    23 |    31 ||    59
       Ozocubu's Armour  |     1 |    14 |    35 ||    50
Invok: Bend Space        |     1 |       |     1 ||     2
  Use: Scroll            |       |     2 |    14 ||    16
       Potion            |       |     1 |     2 ||     3
 Stab: Sleeping          |     6 |     3 |     9 ||    18
       Distracted        |       |     1 |       ||     1
  Eat: Chunk             |     2 |    10 |    13 ||    25
       Ration            |       |     2 |     1 ||     3
Armor: Robe              |    13 |    17 |       ||    30
       Leather armour    |       |    46 |    39 ||    85
Dodge: Dodged            |    59 |    99 |   106 ||   264

Table legend:
 A = Non-vault XP
 B = Vault XP
 C = Vault XP percentage of total XP
 D = Non-vault monster count
 E = Vault monster count
 F = Vault count percentage of total count
                 A         B        C        D         E       F
            +---------+---------+-------+---------+---------+-------
      Total |    2798 |     784 |  21.9 |     157 |      49 |  23.8
            +---------+---------+-------+---------+---------+-------
        D:1 |      45 |       2 |   4.3 |      23 |       1 |   4.2
        D:2 |      41 |      32 |  43.8 |      19 |       6 |  24.0
        D:3 |      88 |       2 |   2.2 |      24 |       1 |   4.0
        D:4 |     278 |     232 |  45.5 |      18 |       2 |  10.0
        D:5 |    1039 |       9 |   0.9 |      26 |       4 |  13.3
        D:6 |     864 |     274 |  24.1 |      29 |       4 |  12.1
        D:7 |     443 |       0 |   0.0 |      18 |       0 |   0.0
    Ossuary |       0 |     233 | 100.0 |       0 |      31 | 100.0
            +---------+---------+-------+---------+---------+-------
